 Dungeon Crawl Stone Soup version 0.30-a0-371-gad7725a93e (webtiles) character file.

Game seed: 1135445426202911896

24 leviel the Trooper (level 3, -2/33 HPs)
             Began as a Hill Orc Fighter on Nov 22, 2022.
             Slain by a gnoll
             ... wielding a +0 flail
              (5 damage)
             ... on level 2 of the Dungeon.
             The game lasted 00:00:51 (789 turns).

leviel the Trooper (Hill Orc Fighter)                Turns: 789, Time: 00:00:51

Health: -2/33      AC:  8    Str: 20    XL:     3   Next: 2%
Magic:  3/3        EV:  9    Int:  8    God:
Gold:   33         SH:  4    Dex: 10    Spells: 2/2 levels left

rFire   . . .      SeeInvis +    a - +0 war axe
rCold   . . .      Faith    .    c - +0 buckler
rNeg    . . .      Spirit   .    b - +0 scale mail
rPois   .          Reflect  .    (no helmet)
rElec   .          Harm     .    (no cloak)
rCorr   .          Rampage  .    e - +0 pair of gloves
Will    .....                    (no boots)
Stlth   ..........               (no amulet)
HPRegen 0.25/turn                f - ring of see invisible
MPRegen 0.08/turn                (no ring)

@: no status effects
A: no striking features
a: no special abilities


You were on level 2 of the Dungeon.
You visited 1 branch of the dungeon, and saw 2 of its levels.

You collected 33 gold pieces.

Inventory:

Hand Weapons
 a - a +0 war axe (weapon)
Armour
 b - a +0 scale mail (worn)
 c - a +0 buckler (worn)
 e - a +0 pair of gloves (worn)
Jewellery
 f - a ring of see invisible (left hand)
Scrolls
 h - a scroll of poison
Potions
 d - a potion of might
 g - 2 potions of heal wounds {unknown}
 i - a potion of curing {unknown}


   Skills:
 + Level 4.0 Fighting
 * Level 3.2 Axes
 + Level 3.6 Armour
 + Level 3.6 Shields


You had 2 spell levels left.
You didn't know any spells.
Your spell library contained the following spells:

 Spells                   Type           Power      Damage    Failure   Level
 Dazzling Flash           Conj/Hex       0%         N/A       99%         3
 Iskenderun's Mystic Bla  Conj/Tloc      0%         2d3       100%        4
 Starburst                Conj/Fire      0%         6d3       100%        6


Dungeon Overview and Level Annotations

Branches:
Dungeon (2/15)

Altars:
Uskayaw


Message History

You are too injured to fight recklessly!
You are too injured to fight recklessly!
You are too injured to fight recklessly!
You are too injured to fight recklessly!
You are too injured to fight recklessly!
You are too injured to fight recklessly!
You are too injured to fight recklessly!
You are too injured to fight recklessly!
You are too injured to fight recklessly!
You are too injured to fight recklessly!
You are too injured to fight recklessly!
You are too injured to fight recklessly!
You are too injured to fight recklessly!
The gnoll attacks as you move away! The gnoll barely misses you.
You see here a throwing net.
The gnoll attacks as you move away! You block the gnoll's attack.
You are too injured to fight recklessly!
You are too injured to fight recklessly!
You are too injured to fight recklessly!
You are too injured to fight recklessly!
You are too injured to fight recklessly!
You barely miss the gnoll. You block the gnoll's attack.
The gnoll hits you from afar with a +3 spear.
You hit the gnoll.
The gnoll is moderately wounded.
The gnoll hits you with a +0 whip. You block the gnoll's attack.
You slash the gnoll!
The gnoll is almost dead.
The gnoll hits you with a +0 whip. You block the gnoll's attack.
The gnoll hits you but does no damage.
You closely miss the gnoll.
The gnoll is heavily wounded.
The gnoll closely misses you. The gnoll hits you with a +0 flail.
You closely miss the gnoll.
The gnoll is heavily wounded.
You block the gnoll's attack. The gnoll hits you with a +0 flail!
* * * LOW HITPOINT WARNING * * *
The gnoll attacks as you move away! You block the gnoll's attack.
The gnoll attacks as you move away! The gnoll hits you with a +0 flail.
You die...

#.......# #..###
######+#.####..#
.........†.....#
#######........#
#........#
##.######.#
#..#### .#
##.....## .#
#..~~~@.# .#
#.~~8~~g##+###
########Bg...#
#.....g...######
#...............
#...............
#...............
#...............
#...............


You could see 3 gnolls and a giant cockroach.

Vanquished Creatures
  A worm (D:2)
  3 goblins (D:1)
  2 hobgoblins (D:1)
  2 quokkas (D:1)
  A ball python (D:2)
  3 bats (D:1)
  A frilled lizard (D:1)
  4 kobolds (D:1)
  3 rats (D:1)
20 creatures vanquished.

Notes
Turn   | Place    | Note
-------+----------+-------------------------------------------
     0 | D:1      | leviel the Hill Orc Fighter began the quest for the Orb.
     0 | D:1      | Reached XP level 1. HP: 19/19 MP: 1/1
    53 | D:1      | Found a faded altar of an unknown god.
    56 | D:1      | Reached XP level 2. HP: 27/27 MP: 2/2
   393 | D:1      | Reached skill level 4 in Fighting
   735 | D:2      | Reached XP level 3. HP: 27/33 MP: 3/3
   761 | D:2      | Found a hide-covered altar of Uskayaw.
   789 | D:2      | Slain by a gnoll

Illustrated notes

Levels and vault maps discovered:
D:1:      psy_arrival_radial02, layout_basic, ebering_ecumenical_altar_webs
D:2:      layout_basic, basic_altar, moated_statue, minmay_hexomino_r4

Skill      XL: |  1  2 |
---------------+-------+-----
Axes           | 3 |  3.2
Fighting       | 4 |  4.0
Armour         | |  3.6
Shields        | |  3.6

Action                   || total
-------------------------++-------
Melee: War axe           ||    51
  Use: Scroll            ||     1
Armor: Scale mail        ||    15
Dodge: Dodged            ||    30
Block: Buckler           ||    14

Table legend: (Time is in decaauts)
 A = Elapsed time spent in this place.
 B = Non-inter-level travel time spent in this place.
 C = Inter-level travel time spent in this place.
 D = Time resting spent in this place.
 E = Time spent auto-exploring this place.
 F = Levels seen in this place.
 G = Mean time per level.
                   A        B        C        D        E       F      G
               +--------+--------+--------+--------+--------+-----+--------+
         Total |    808 |    786 |     22 |    100 |    539 |   2 |  404.0 |
       Dungeon |    808 |    786 |     22 |    100 |    539 |   2 |  404.0 |
               +--------+--------+--------+--------+--------+-----+--------+

Top non-repeatable levels by time:
     D:1: 721 daAuts
     D:2: 86 daAuts
